Map: Ultralove

Players

CYBORG

  • Race: Protoss Protoss
  • Spawn Location: 1:00

wootwoot - Winner!

  • Race: Terran Terran
  • League: Bronze
  • Spawn Location: 7:00

VOD

Have the link to the VOD?

Description

Time

  • Played on: April 1, 2025, 2:47 p.m.
  • Length: 5:06
Show
View Real Time Build Order
Export as new Build Order

CYBORG Protoss 

Build Orders:  

Get SALT Encoding   

  12  0:06  Probe  
  13  0:40  Pylon  
  13  1:04  Gateway  
  13  1:32  Assimilator  
  13  1:40  Assimilator  
  13  1:54  Zealot  
  15  2:06  Cybernetics Core  
  15  2:14  Probe  
  16  2:21  Zealot  
  18  2:26  Probe  
  19  2:38  Probe  
  20  2:48  Zealot  
  20  2:50  Pylon, Probe  
  20  2:51  Pylon  
  23  2:52  Pylon  
  23  2:53  Pylon  
  23  3:04  Pylon  
  23  3:08  Probe  
  24  3:15  Zealot  
  26  3:20  Probe  
  25  3:42  Zealot  
  4  4:42  Probe  
Show
View Real Time Build Order
Export as new Build Order

wootwoot Terran - Winner!

Build Orders: 1/1/1 

Get SALT Encoding   

  12  0:00  SCV  
  13  0:12  SCV  
  14  0:17  Supply Depot  
  14  0:24  SCV  
  15  0:29  Refinery  
  15  0:39  SCV  
  16  0:44  Barracks  
  16  0:51  SCV  
  16  0:54  Refinery  
  17  1:03  SCV  
  18  1:15  SCV  
  19  1:28  SCV  
  20  1:33  Factory  
  20  1:34  Barracks Reactor  
  20  1:40  Orbital Command  
  20  1:48  Supply Depot  
  20  2:07  SCV  
  21  2:10  Marine x2  
  23  2:18  Starport, Factory Tech Lab  
  23  2:25  Supply Depot  
  23  2:28  Marine  
  23  2:29  Marine  
  25  2:38  Siege Tank  
  28  2:46  Marine x2  
  30  2:54  Medivac  
  32  3:02  Supply Depot  
  32  3:04  Marine x2  
  34  3:18  Siege Tank  
  37  3:26  Viking  
  39  3:52  Marine x2  
  39  3:53  Siege Tank  
  44  4:02  Viking  
  46  4:10  Supply Depot  
  46  4:17  Marine  
  47  4:25  Marine  
  47  4:31  Siege Tank  
Tags
 
League
Bronze
Matchup
PvT
Opening
1/1/1
Replay Pack
B2M-Replays
Spawn Locations
Cross Positions
Add a new tag
Caveats
  • Supply blocks, unpowered buildings, or Contaminate may cause inaccurate times.
  • Supply counts are checked every 10 seconds.